 Dungeon Crawl Stone Soup version 0.24-a0-441-g27f0392e16 (webtiles) character file.

Game seed: 6491692714622702176

135853 Peloso the Peltast (level 16, -2/150 HPs)
             Began as a Minotaur Fighter on June 19, 2019.
             Was the Champion of Okawaru.
             Slain by Ilsuiw
             ... wielding a +4 trident of freezing
              (8 damage)
             ... on level 3 of the Shoals.
             The game lasted 01:34:38 (31442 turns).

Peloso the Peltast (Minotaur Fighter)              Turns: 31442, Time: 01:34:38

Health: -2/150     AC: 28    Str: 30    XL:     16   Next: 65%
Magic:  15/15      EV:  9    Int:  5    God:    Okawaru [******]
Gold:   1461       SH: 18    Dex: 13    Spells: 15/15 levels left

rFire    + . .     SeeInvis .   a - +3 double sword (elec)
rCold    + . .     Gourm    .   H - +2 shield {reflect}
rNeg     . . .     Faith    +   v - +0 gold dragon scales
rPois    +         Spirit   .   e - +2 hat
rElec    .         Reflect  +   L - scarf {cloud immunity}
rCorr    .         Harm     .   W - +2 pair of gloves
MR       +....                  n - +0 pair of boots {Fly}
Stlth    ..........             p - amulet of faith
HPRegen  0.35/turn              o - +2 ring of slaying
MPRegen  0.14/turn              m - +5 ring of strength

@: engulfed (cannot breathe), flying
A: retaliatory headbutt, horns 2
a: Heroism, Finesse, Renounce Religion, Stop Flying


You were on level 3 of the Shoals.
You worshipped Okawaru.
Okawaru was exalted by your worship.
You were very hungry.

You visited 5 branches of the dungeon, and saw 27 of its levels.
You visited 1 bazaar.
You also visited: Gauntlet and Ice Cave.

You collected 2875 gold pieces.
You spent 1414 gold pieces at shops.

Inventory:

Hand Weapons
 a - a +3 double sword of electrocution (weapon)
 b - a +4 scimitar of flaming
 s - the cursed +3 great sword "Timoit" {flame, rPois Dex+2 Stlth+, unknown}
   (You found it on level 14 of the Dungeon)

   It has been specially enchanted to burn those struck by it, causing extra
   injury to most foes and up to half again as much damage against particularly
   susceptible opponents.
   Big, fiery blades are also staple armaments of hydra-hunters.
   It affects your dexterity (+2).
   It protects you from poison.
   It makes you more stealthy.
   It has a curse placed upon it.
 O - the +8 hand crossbow of Yredelemnul {penet, rPois}
   (You bought it in a shop on level 2 of the Orcish Mines)

   Ammo fired by it will pass through the targets it hits, potentially hitting
   all targets in its path until it reaches maximum range.
   It protects you from poison.
Missiles
 D - 154 bolts
Armour
 e - a +2 hat (worn)
 n - a +0 pair of boots of flying (worn)
 q - the +0 shield of Poor Excuses {MR+ rCorr Dex+2}
   (You bought it in a shop on level 1 of the Orcish Mines)

   It affects your dexterity (+2).
   It affects your resistance to hostile enchantments.
   It provides partial protection from all sources of acid and corrosion.
 v - +0 gold dragon scales (worn)
 H - a +2 shield of reflection (worn)
 J - a scarf of cloud immunity
 L - a scarf of cloud immunity (worn)
 W - a +2 pair of gloves (worn)
 X - the +1 swamp dragon scales of Dishonour {rElec rPois}
   (Okawaru gifted it to you on level 2 of the Shoals)

   It insulates you from electricity.
   It protects you from poison.
Jewellery
 k - an uncursed ring of protection from magic
 m - a +5 ring of strength (right hand)
 o - a +2 ring of slaying (left hand)
 p - an amulet of faith (around neck)
 C - an uncursed amulet of harm {unknown}
 G - an uncursed ring of protection from cold
 S - an uncursed ring of protection from fire
Wands
 c - a wand of iceblast (4)
 h - a wand of enslavement (9)
 y - a wand of digging (11)
Scrolls
 d - a scroll of summoning
 g - 6 scrolls of identify
 j - 13 scrolls of remove curse
 w - 11 scrolls of teleportation
 x - 2 scrolls of noise
 z - a scroll of amnesia
 F - 3 scrolls of enchant armour {unknown}
 I - a scroll of magic mapping
 K - 2 scrolls of fear
 P - a scroll of holy word {unknown}
 T - 3 scrolls of blinking
 U - a scroll of acquirement {unknown}
Potions
 i - 7 potions of agility
 l - 2 potions of flight
 r - 7 potions of curing
 t - 2 potions of brilliance
 u - a potion of ambrosia
 B - 4 potions of haste
 N - a potion of invisibility
 Q - 2 potions of resistance
 R - 3 potions of might
 V - a potion of berserk rage {unknown}
Miscellaneous
 E - a crystal ball of energy
Comestibles
 f - 54 rations


   Skills:
 + Level 15.7 Fighting
 + Level 18.3 Long Blades
 + Level 16.3 Armour
 + Level 5.1 Dodging
 + Level 1.8 Stealth
 + Level 18.6 Shields
 + Level 0.9 Invocations
 + Level 0.6 Evocations


You had 15 spell levels left.
You didn't know any spells.
Your spell library contained the following spells:

 Spells                   Type           Power        Failure   Level  Hunger
 Beastly Appendage        Tmut           #.....       100%        1    ##.....
 Confusing Touch          Hex            #.....       100%        1    ##.....
 Infusion                 Chrm           #...         100%        1    ##.....
 Summon Small Mammal      Summ           #...         100%        1    ##.....
 Call Imp                 Summ           #.......     100%        2    ###....
 Shroud of Golubria       Chrm/Tloc      #.....       100%        2    ###....
 Song of Slaying          Chrm           #.......     100%        2    ###....
 Sticks to Snakes         Tmut           #.......     100%        2    ###....
 Call Canine Familiar     Summ           #.......     100%        3    ####...
 Confuse                  Hex            #.......     100%        3    ####...
 Gell's Gravitas          Tloc           #.........   100%        3    ####...
 Recall                   Summ/Tloc      N/A          100%        3    ####...
 Spectral Weapon          Hex/Chrm       #.......     100%        3    ####...
 Spider Form              Tmut/Pois      #.........   100%        3    ####...
 Summon Guardian Golem    Hex/Summ       #.......     100%        3    ####...
 Ice Form                 Ice/Tmut       #.......     100%        4    #####..
 Petrify                  Tmut/Erth      #.......     100%        4    #####..
 Summon Ice Beast         Ice/Summ       #.......     100%        4    #####..
 Summon Lightning Spire   Summ/Air       #.......     100%        4    #####..
 Aura of Abjuration       Summ           #.........   100%        5    ######.
 Blade Hands              Tmut           #.........   100%        5    ######.
 Metabolic Englaciation   Hex/Ice        #.........   100%        5    ######.
 Summon Demon             Summ           #.........   100%        5    ######.
 Summon Forest            Summ/Tloc      #.........   100%        5    ######.
 Summon Mana Viper        Hex/Summ       #.......     100%        5    ######.
 Yara's Violent Unravell  Hex/Tmut       #.........   100%        5    ######.
 Deflect Missiles         Chrm/Air       #.........   100%        6    #######
 Shadow Creatures         Summ           N/A          100%        6    #######
 Ring of Flames           Chrm/Fire      #.........   100%        7    #######


Dungeon Overview and Level Annotations

Branches:
Dungeon (15/15)            Temple (1/1) D:4            Lair (6/6) D:9
 Shoals (3/4) Lair:2       Spider (0/4) Lair:4        Slime (0/5) Lair:5
    Orc (2/2) D:12            Elf (0/3) Orc:2        Vaults (0/5) D:14
 Depths (0/5) D:15

Altars:
Ashenzari
Cheibriados
Dithmenos
Elyvilon
Fedhas
Gozag
Hepliaklqana
Kikubaaqudgha
Nemelex Xobeh
Okawaru
Qazlal
Ru
Uskayaw
Vehumet
Wu Jian
Xom
Yredelemnul
Zin
The Shining One

Shops:
D:4 (   D:12 *   Orc:1 [   Orc:2 (?:!(

Portals:
Pandemonium: Orc:2

Annotations:
D:5 4 transporters, whodunnit's ghost, amateur OpTm
D:8 1 runed translucent door, shruggingcutely's ghost, novice FoEn
Lair:5 exclusion: 3 oklob plants
Shoals:1 3 runed translucent doors, Siassaig's ghost, adept SpBe
Shoals:3 Ilsuiw


Innate Abilities, Weirdness & Mutations

You reflexively headbutt those who attack you in melee.
You have a pair of horns on your head.


Message History

You hear a splash.
* * * LOW HITPOINT WARNING * * *
Your lungs strain for air!
You cannot read scrolls while unable to breathe!
Unknown command.
You hit the water elemental.
Your headbutt misses the water elemental.
The water elemental is almost destroyed.
* * * LOW HITPOINT WARNING * * *
Your lungs strain for air!
You block the water elemental's attack. You block something's attack.
The water elemental barely misses you. You furiously retaliate!
You headbutt the water elemental! You block the water elemental's attack.
You hit the water elemental but do no damage.
Your headbutt misses the water elemental.
The water elemental is almost destroyed.
* * * LOW HITPOINT WARNING * * *
Your lungs strain for air!
The water elemental hits you. Something hits you!
You die...
EEmPm≈

.≈≈≈≈≈..≈≈......≈≈≈
mEP≈≈≈ ...≈≈≈..≈..≈≈≈≈
≈≈.E.≈ .###
.≈≈≈≈≈...≈≈≈≈ ≈≈....
....≈≈ ≈≈≈≈≈..≈≈≈≈≈
P≈.... ≈≈≈≈≈. ..###.
≈≈≈≈≈. ≈ ≈≈≈≈≈≈# ≈≈
.≈≈≈≈≈≈.### ≈≈≈
...≈≈≈≈≈≈≈)@.# .≈≈≈
#....≈≈≈≈≈≈EEE# ..≈≈≈
....≈≈≈≈≈≈≈≈≈{##...≈≈≈
...≈≈≈≈≈≈≈≈≈≈≈≈..≈≈≈≈≈
.≈≈≈≈≈≈≈≈≈≈≈≈≈≈≈≈≈≈≈≈≈
≈≈≈≈≈≈≈≈≈≈≈≈≈≈≈≈≈≈≈≈≈≈
≈≈≈≈≈≈≈≈≈≈≈≈≈≈≈≈≈≈≈≈≈≈
≈≈≈≈≈≈≈≈≈≈≈≈≈≈≈≈≈≈≈≈≈≈
≈≈≈≈≈≈≈≈≈≈≈≈≈≈≈≈≈≈≈≈≈≈


You could see 3 water elementals.

Vanquished Creatures
  A kraken (Shoals:1)
  Polyphemus (Shoals:3)
  Gastronok (D:9)
  Kirke (Shoals:1)
  Roxanne (D:14)
  A fire giant (D:15)
  A reaper (IceCv)
  Nessos (Lair:4)
  A green death (Gauntlet)
  A minotaur (Gauntlet)
  Snorg (Lair:4)
  A merfolk javelineer (Shoals:2)
  5 merfolk impalers
  A rakshasa (D:15)
  2 centaur warriors
  6 hydras
  5 catoblepae
  2 merfolk avatars
  A death knight (D:14)
  2 dancing weapons (D:14)
  11 death yaks
  2 tengu warriors (D:15)
  2 two-headed ogres
  Erica (D:9)
  7 orc high priests (Orc:2)
  A sixfirhy (Orc:2)
  5 skeletal warriors (D:14)
  2 unseen horrors (D:14)
  A torturous demonspawn (Orc:2)
  An infernal demonspawn (Orc:2)
  5 sea snakes
  A gelid demonspawn (Orc:2)
  A glowing orange brain (shapeshifter) (Gauntlet)
  Pikel (D:9)
  A wolf spider zombie (D:14)
  5 orc knights
  11 harpies
  An oklob plant (Lair:5)
  An orb spider (Lair:4)
  2 deep elf magi
  8 fauns
  4 orc sorcerers (Orc:2)
  6 cyclopes
  6 ugly things
  6 manticores
  A moth of wrath (Gauntlet)
  4 black mambas
  2 ice statues (IceCv)
  4 merfolk sirens
  3 water nymphs
  5 gargoyles
  3 orange demons
  Psyche (D:8)
  9 spiny frogs
  2 efreet (D:15)
  11 ice devils
  A rime drake (Lair:2)
  10 komodo dragons
  2 kobold demonologists (D:14)
  A tengu conjurer (D:15)
  A freezing wraith (D:14)
  A polar bear (Lair:6)
  6 trolls
  3 hornets
  18 merfolk
  3 wind drakes
  14 slime creatures (D:13)
  Grinder (D:3)
  6 dream sheep (Lair:5)
  13 hippogriffs
  9 blink frogs
  3 water elementals
  4 snapping turtles
  Sigmund (D:2)
  2 shadows (D:15)
  13 spriggans
  3 wyverns
  2 wraiths (D:13)
  44 yaks
  6 basilisks
  2 hogs (Shoals:1)
  A hungry ghost (D:11)
  A warg (Orc:2)
  An acid dragon (D:15)
  10 porcupines
  A water moccasin (shapeshifter) (Gauntlet)
  12 water moccasins
  29 orc warriors
  4 sky beasts
  6 ice beasts
  3 black bears
  5 phantoms
  13 ogres
  3 necrophages
  A tengu (shapeshifter) (D:13)
  7 boggarts
  An eye of draining (D:12)
  13 wolves
  6 centaurs
  4 big kobolds
  14 crocodiles
  25 bullfrogs
  5 scorpions
  2 wyvern skeletons
  3 killer bees
  9 wights
  7 crimson imps
  3 howler monkeys
  2 centaur zombies
  2 bullfrog zombies
  2 quasits
  21 orc priests
  3 jellies
  4 hounds
  22 orc wizards
  5 bullfrog skeletons
  6 centaur skeletons
  3 iguanas
  Natasha (thrice) (D:2)
  14 worker ants
  Terence (D:2)
  A hound zombie (D:8)
  2 hound skeletons
  2 howler monkey zombies
  7 gnolls
  11 adders
  5 shadow imps
  10 white imps (IceCv)
  An ooze (D:2)
  3 ufetubi (IceCv)
  2 adder zombies
  2 adder skeletons
  6 worms
  A dart slug (D:3)
  2 leopard geckos (D:3)
  91 orcs
  3 giant cockroaches
  7 goblins
  2 hobgoblins
  28 jackals
  8 quokkas
  3 ball pythons
  13 bats
  4 frilled lizards
  17 kobolds
  A quokka skeleton (D:8)
  7 rats
  2 bushes (Lair:1)
  A fungus (Lair:1)
  2 plants
863 creatures vanquished.

Vanquished Creatures (others)
  A yak (Lair:2)
  5 white imps (IceCv)
  3 ufetubi (IceCv)
  4 fungi
  8 plants
  4 tentacles (Shoals:1)
  3 withered plants
28 creatures vanquished.

Grand Total: 891 creatures vanquished

Notes
Turn   | Place    | Note
-------+----------+-------------------------------------------
     0 | D:1      | Peloso the Minotaur Fighter began the quest for the Orb.
     0 | D:1      | Reached XP level 1. HP: 19/19 MP: 0/0
   157 | D:1      | Reached XP level 2. HP: 19/27 MP: 1/1
   914 | D:2      | Found a glowing silver altar of Zin.
   917 | D:2      | Reached XP level 3. HP: 33/33 MP: 2/2
  1053 | D:2      | Noticed Sigmund
  1160 | D:2      | Killed Sigmund
  1160 | D:2      | Reached skill level 1 in Dodging
  1160 | D:2      | Reached XP level 4. HP: 26/40 MP: 3/3
  1160 | D:2      | Reached XP level 5. HP: 30/46 MP: 4/4
  1223 | D:2      | Noticed Terence
  1226 | D:2      | Killed Terence
  1226 | D:2      | Reached skill level 5 in Long Blades
  1312 | D:2      | Noticed Natasha
  1318 | D:2      | Killed Natasha
  1318 | D:2      | Reached XP level 6. HP: 53/53 MP: 5/5
  1343 | D:2      | Noticed Natasha
  1355 | D:2      | Killed Natasha
  1556 | D:2      | Noticed Natasha
  1561 | D:2      | Killed Natasha
  1641 | D:3      | Reached skill level 5 in Armour
  1673 | D:3      | Noticed an ice beast
  1681 | D:3      | Killed an ice beast
  1681 | D:3      | Reached skill level 5 in Shields
  1726 | D:3      | Found an ancient bone altar of Kikubaaqudgha.
  1732 | D:3      | Found a white marble altar of Elyvilon.
  1988 | D:3      | Noticed Grinder
  2010 | D:3      | Killed Grinder
  2010 | D:3      | Reached XP level 7. HP: 49/60 MP: 6/6
  2274 | D:4      | Found a shimmering altar of Xom.
  2590 | D:4      | Found Plog's Weapon Boutique.
  2616 | D:4      | Reached skill level 5 in Fighting
  2617 | D:4      | Found a staircase to the Ecumenical Temple.
  2631 | Temple   | Entered the Ecumenical Temple
  2669 | Temple   | Became a worshipper of Warmaster Okawaru
  2737 | D:4      | Reached XP level 8. HP: 65/68 MP: 7/7
  2851 | D:4      | You fall into a shaft and drop 3 floors!
  3068 | D:6      | Reached * piety under Okawaru
  3447 | D:6      | Reached ** piety under Okawaru
  3463 | D:6      | Reached XP level 9. HP: 73/74 MP: 8/8
  3760 | D:5      | Entered Level 5 of the Dungeon
  3786 | D:5      | Reached skill level 10 in Long Blades
  3996 | D:5      | Reached *** piety under Okawaru
  4237 | D:5      | Noticed whodunnit's ghost (amateur OpTm)
  4238 | D:5      | Found a transporter.
  4238 | D:5      | Found a transporter.
  4238 | D:5      | Identified the +9 dire flail "Duoch" {venom, *Corrode rC+++
                  | Int+4}
  4289 | D:5      | Found a stormy altar of Qazlal.
  4301 | D:5      | Found a shattered altar of Ashenzari.
  4303 | D:5      | Found a transporter.
  4315 | D:5      | Found a transporter.
  4507 | D:5      | Found a glowing silver altar of Zin.
  4859 | D:8      | Found a radiant altar of Vehumet.
  4913 | D:8      | Noticed a two-headed ogre
  4930 | D:8      | Killed a two-headed ogre
  4930 | D:8      | Reached **** piety under Okawaru
  4930 | D:8      | Reached XP level 10. HP: 18/83 MP: 6/9
  5374 | D:8      | Found a runed translucent door.
  5374 | D:8      | Noticed shruggingcutely's ghost (novice FoEn)
  5453 | D:8      | Got an encrusted spear
  5454 | D:8      | Identified the cursed +2 spear "Kapuxoem" {holy, rElec
                  | Str+4 Int+4} (You found it on level 8 of the Dungeon)
  5638 | D:8      | Noticed Psyche
  5764 | D:8      | Killed Psyche
  6828 | D:9      | Reached ***** piety under Okawaru
  6837 | D:9      | Reached skill level 10 in Shields
  6856 | D:9      | Noticed Gastronok
  6875 | D:9      | Killed Gastronok
  6875 | D:9      | Reached skill level 1 in Stealth
  6875 | D:9      | Reached XP level 11. HP: 62/92 MP: 7/10
  7056 | D:9      | Noticed Pikel
  7079 | D:9      | Killed Pikel
  7223 | D:9      | Noticed Erica
  7231 | D:9      | Killed Erica
  7231 | D:9      | Received a gift from Okawaru
  7254 | D:9      | Got a warped chain mail {god gift}
  7265 | D:9      | Identified the +0 chain mail "Dikhloage" {rC+} (Okawaru
                  | gifted it to you on level 9 of the Dungeon)
  7319 | D:9      | Found a staircase to the Lair.
  7379 | D:10     | Entered Level 10 of the Dungeon
  7855 | D:10     | Found a sacrificial altar of Ru.
  9247 | D:12     | Noticed a purple ugly thing
  9259 | D:12     | Killed a purple ugly thing
  9264 | D:12     | Found Tull's General Store.
  9281 | D:12     | Found a shimmering altar of Xom.
  9282 | D:12     | Found a shimmering altar of Xom.
  9282 | D:12     | Found a shimmering altar of Xom.
  9282 | D:12     | Found a shimmering altar of Xom.
  9282 | D:12     | Found a shimmering altar of Xom.
  9283 | D:12     | Found a shimmering altar of Xom.
  9284 | D:12     | Found a shimmering altar of Xom.
  9284 | D:12     | Found a shimmering altar of Xom.
  9285 | D:12     | Found a shimmering altar of Xom.
  9285 | D:12     | Found a shimmering altar of Xom.
  9370 | D:12     | Received a gift from Okawaru
  9596 | D:12     | Reached skill level 10 in Armour
  9634 | D:12     | Noticed a two-headed ogre
  9772 | D:12     | Received a gift from Okawaru
  9807 | D:12     | Got a translucent long sword {god gift}
  9808 | D:12     | Identified the +4 long sword "Higacymm" {slice, rC- rN+
                  | Int+3 Dex-2} (Okawaru gifted it to you on level 12 of the
                  | Dungeon)
  9879 | D:12     | Found a staircase to the Orcish Mines.
 10096 | D:12     | Reached XP level 12. HP: 78/104 MP: 11/11
 10285 | Lair:1   | Entered Level 1 of the Lair of Beasts
 10545 | Lair:1   | Noticed a five-headed hydra
 10554 | Lair:1   | Killed a one-headed hydra
 10914 | Lair:2   | Noticed an eight-headed hydra
 10930 | Lair:2   | Killed a three-headed hydra
 10930 | Lair:2   | Reached ****** piety under Okawaru
 10930 | Lair:2   | Received a gift from Okawaru
 10930 | Lair:2   | Reached skill level 10 in Fighting
 11662 | Lair:2   | Found a staircase to the Shoals.
 12919 | Lair:3   | Got an ancient buckler
 12934 | Lair:3   | Identified the +1 buckler of Untruth {MR+ Int-2 SInv} (You
                  | found it on level 3 of the Lair of Beasts)
 13190 | Lair:3   | Received a gift from Okawaru
 13592 | Lair:4   | Found a gate leading to a gauntlet.
 13610 | Gauntlet | Entered a Gauntlet
 13610 | Gauntlet | Found a transporter.
 13610 | Gauntlet | Found a transporter.
 13611 | Gauntlet | Noticed a death scarab
 13613 | Gauntlet | Found a transporter.
 13613 | Gauntlet | Found a transporter.
 13617 | Gauntlet | Found a transporter.
 13617 | Gauntlet | Found a transporter.
 13687 | Gauntlet | Noticed a death ooze
 13689 | Gauntlet | Found a transporter.
 13692 | Gauntlet | Found a transporter.
 13695 | Gauntlet | Noticed a great orb of eyes
 13700 | Gauntlet | Found a transporter.
 13713 | Gauntlet | Noticed a green death
 13715 | Gauntlet | Found a runed translucent door.
 13716 | Gauntlet | Found a transporter.
 13717 | Gauntlet | Found a runed translucent door.
 13731 | Gauntlet | Found a transporter.
 13735 | Gauntlet | Found a transporter.
 13823 | Gauntlet | Reached XP level 13. HP: 96/114 MP: 10/12
 13827 | Gauntlet | Reached skill level 15 in Long Blades
 14000 | Gauntlet | Killed a green death
 14005 | Gauntlet | Got a clouded lead ring
 14007 | Gauntlet | Identified the ring of Starshine {rN+ Str-4 Dex+3 SInv}
                  | (You found it in a Gauntlet)
 14037 | Gauntlet | Noticed a minotaur
 14050 | Gauntlet | Killed a minotaur
 14050 | Gauntlet | Reached skill level 5 in Dodging
 14070 | Gauntlet | Identified Viablifach's Incunabulum of Boosts
 14549 | Lair:4   | Found a hole to the Spider Nest.
 15280 | Lair:5   | Noticed Nessos
 15794 | Lair:5   | Noticed Snorg
 15955 | Lair:4   | Killed Snorg
 15955 | Lair:4   | Received a gift from Okawaru
 16462 | Lair:4   | Killed Nessos
 17136 | Lair:5   | Found a staircase to the Slime Pits.
 17264 | Lair:5   | Received a gift from Okawaru
 17267 | Lair:5   | Got a heavily runed shield {god gift}
 17278 | Lair:5   | Identified the +3 shield of Hangman {rN+ Stlth+} (Okawaru
                  | gifted it to you on level 5 of the Lair of Beasts)
 17319 | Lair:6   | Entered Level 6 of the Lair of Beasts
 17654 | Lair:5   | Reached XP level 14. HP: 97/124 MP: 13/13
 18451 | Lair:6   | Reached skill level 15 in Shields
 18512 | Lair:6   | Received a gift from Okawaru
 20048 | D:13     | Received a gift from Okawaru
 20371 | D:13     | Got a smoking chain mail
 20382 | D:13     | Identified the +2 chain mail of Ziji {+Blink Regen+ Str+4}
                  | (You found it on level 13 of the Dungeon)
 20448 | D:13     | Found a shadowy altar of Dithmenos.
 20898 | D:12     | Noticed an entropy weaver
 20938 | Orc:1    | Entered Level 1 of the Orcish Mines
 20938 | Orc:1    | Found Zuwetz's Antique Armour Shoppe.
 20946 | Orc:1    | Bought a bloodstained shield for 237 gold pieces
 21098 | Orc:1    | Found a frozen archway.
 21161 | Orc:1    | Identified the +0 shield of Poor Excuses {MR+ rCorr Dex+2}
                  | (You bought it in a shop on level 1 of the Orcish Mines)
 21176 | IceCv    | Entered an ice cave
 21219 | IceCv    | Received a gift from Okawaru
 21367 | IceCv    | Noticed a reaper
 21381 | IceCv    | Killed a reaper
 21859 | Orc:2    | Entered Level 2 of the Orcish Mines
 21931 | Orc:2    | Found a staircase to the Elven Halls.
 21959 | Orc:2    | Found Ynibbaif's Weapon Shoppe.
 22022 | Orc:2    | Found Guojinn's Distillery.
 22034 | Orc:2    | Found Dygrimix's Magic Scroll Boutique.
 22539 | Orc:2    | Bought a scroll of enchant weapon for 105 gold pieces
 22539 | Orc:2    | Bought a scroll of blinking for 105 gold pieces
 22539 | Orc:2    | Bought a scroll of teleportation for 42 gold pieces
 22605 | Orc:2    | Received a gift from Okawaru
 22610 | Orc:2    | Reached XP level 15. HP: 67/135 MP: 14/14
 23708 | Orc:2    | Found Idoc's Antique Weapon Shoppe.
 23708 | Orc:2    | Found Vira's Book Emporium.
 23709 | Orc:2    | Found a one-way gate leading to the halls of Pandemonium.
 23720 | Orc:2    | Bought a blackened hand crossbow for 263 gold pieces
 23720 | Orc:2    | Bought a twisted scimitar for 279 gold pieces
 23721 | Orc:2    | Identified the +9 scimitar "Umodo" {freeze, Int+5} (You
                  | bought it in a shop on level 2 of the Orcish Mines)
 23722 | Orc:2    | Identified the +8 hand crossbow of Yredelemnul {penet,
                  | rPois} (You bought it in a shop on level 2 of the Orcish
                  | Mines)
 24274 | Shoals:1 | Entered Level 1 of the Shoals
 24369 | Shoals:1 | Received a gift from Okawaru
 24487 | Shoals:1 | Noticed Kirke
 24508 | Shoals:1 | Killed Kirke
 24593 | Shoals:1 | Reached skill level 15 in Armour
 24689 | Shoals:1 | Received a gift from Okawaru
 24973 | Shoals:1 | Noticed a kraken
 24986 | Shoals:1 | Killed a kraken
 25095 | Shoals:1 | Found a runed translucent gate.
 25096 | Shoals:1 | Found a runed translucent gate.
 25097 | Shoals:1 | Found a runed translucent gate.
 25101 | Shoals:1 | Noticed Siassaig's ghost (adept SpBe)
 25668 | D:14     | Found a gate to the Vaults.
 25783 | D:14     | Got an ichor-stained chain mail
 25793 | D:14     | Identified Roxanne's Grimoire of Moulding
 25793 | D:14     | Noticed Roxanne
 25815 | D:14     | Killed Roxanne
 26535 | D:14     | Identified the +6 chain mail of Poblex {Dex+6} (You found
                  | it on level 14 of the Dungeon)
 26592 | D:14     | Found a runed translucent door.
 26598 | D:14     | Found a runed translucent door.
 26621 | D:14     | Found a runed translucent door.
 26793 | D:14     | Received a gift from Okawaru
 26799 | D:14     | Got a bloodstained plate armour {god gift}
 26967 | D:14     | Identified the +9 plate armour of Birdsong {*Contam Int+5
                  | Stlth+} (Okawaru gifted it to you on level 14 of the
                  | Dungeon)
 27379 | D:14     | Got a polished great sword
 27869 | D:15     | Entered Level 15 of the Dungeon
 27936 | D:15     | Found a staircase to the Depths.
 27937 | D:15     | Noticed a fire giant
 27947 | D:15     | Killed a fire giant
 27947 | D:15     | Reached XP level 16. HP: 95/147 MP: 15/15
 28341 | D:15     | Reached skill level 15 in Fighting
 29137 | Shoals:2 | Found a flickering gateway to a bazaar.
 29174 | Bazaar   | Entered a bazaar
 29174 | Bazaar   | Found Koderr's Antique Weapon Emporium.
 29174 | Bazaar   | Found Botsitaf's Antique Weapon Shoppe.
 29174 | Bazaar   | Found Udukup's Gadget Shop.
 29176 | Bazaar   | Found Jiol's General Store.
 29204 | Bazaar   | Bought a scroll of magic mapping for 45 gold pieces
 29232 | Bazaar   | Bought a scroll of identify for 26 gold pieces
 29232 | Bazaar   | Bought a wand of digging (5) for 234 gold pieces
 29232 | Bazaar   | Bought a scroll of identify for 26 gold pieces
 29232 | Bazaar   | Bought a scroll of identify for 26 gold pieces
 29232 | Bazaar   | Bought a scroll of identify for 26 gold pieces
 29610 | Shoals:2 | Received a gift from Okawaru
 29614 | Shoals:2 | Got steaming swamp dragon scales {god gift}
 29625 | Shoals:2 | Identified the +1 swamp dragon scales of Dishonour {rElec
                  | rPois} (Okawaru gifted it to you on level 2 of the Shoals)
 30480 | Shoals:3 | Noticed Polyphemus
 30939 | Shoals:3 | Killed Polyphemus
 31191 | Shoals:3 | Noticed Ilsuiw
 31442 | Shoals:3 | HP: 6/150 [drowned by a water elemental[Ilsuiw] (6)]
 31442 | Shoals:3 | Slain by Ilsuiw

Levels and vault maps discovered:
D:1:      roderic_dead_forest, layout_loops_corners
D:2:      layout_rooms, overflow_temple_1_default, first_ration, uniq_natasha,
          uniq_sigmund, uniq_terence
D:3:      layout_basic, minitemple, uniq_grinder
D:4:      layout_loops_ring, old_standard_altar,
          minmay_temple_entry_sparse_star, serial_shops,
          nicolae_shop_behind_doors, nicolae_shop_behind_doors,
          mrwooster_statue_mirror
D:5:      old_forge, layout_basic, gammafunk_temple_overflow_arena,
          gammafunk_ghost_smash, basic_altar, chequers_mini_garden
D:6:      layout_basic
D:7:      layout_gridville, the_bakery
D:8:      layout_loops_ring, gammafunk_ghost_grave, vehumet_altar_wand_db,
          uniq_psyche
D:9:      layout_basic, grunt_lair_entry_orc_guard_hut,
          kennysheep_decorative_pillar, uniq_erica, uniq_pikel, uniq_gastronok
D:10:     layout_big_octagon, nicolae_ru_sacrificial_ziggurat
D:11:     layout_loops_ring
D:12:     layout_gridville, david_orc_4, serial_shops,
          nicolae_shop_window_shopping, xom_shifter_show
D:13:     layout_cave_pools, serial_rivers, chequers_serial_rivers_micro_b,
          chequers_serial_rivers_micro_c, chequers_serial_rivers_small_b,
          chequers_serial_rivers_micro_a, chequers_serial_rivers_micro_e,
          grunt_dithmenos_smoke_and_mirrors
D:14:     minmay_s_stair_smasher, layout_basic, erik_vaults_1,
          hangedman_abyss_or_decor_stagger, mikee_hates_you, uniq_roxanne
D:15:     grunt_enter_depths_giant_problem, layout_long_grid,
          hangedman_glass_teeth, dk_noncrumbling_4, argonaut_gorgonesque
Temple:   nicolae_temple_elliptical
Lair:1:   layout_concentric_octagons, grunt_megastairs_1
Lair:2:   layout_small_grid, elwin_shoals_entry_rocks, grunt_megastairs_3
Lair:3:   layout_chaotic_city, lemuel_fruit_fields
Lair:4:   layout_loops_ring, nicolae_spider_entry_orb_guardian,
          gauntlet_entry_generic
Lair:5:   kb_forest_paths, layout_misc_corridors,
          minmay_slime_entry_oklob_enclosed, uniq_snorg, uniq_nessos
Lair:6:   evilmike_catoblepas_cave, layout_layer_cave, st_stairs_9
Shoals:1: layout_shoals, ebering_ghost_rock_garden, uniq_kirke
Shoals:2: layout_shoals, serial_shops, bzr_entry_water,
          nicolae_shoals_cliffside_cave
Shoals:3: layout_shoals, uniq_ilsuiw, uniq_polyphemus
Orc:1:    layout_caves, serial_shops, nicolae_shop_stone,
          portal_ice_cave_demonic_guard
Orc:2:    pf_orc_diabolical, layout_caves, serial_shops, nicolae_shop_crystal

Skill      XL: |  1  2  3  4  5  6  7  8  9 10 11 12 13 14 15 16 |
---------------+-------------------------------------------------+-----
Armour         | 4 5 6 8 9 10 11 13 14 15 16 | 16.3
Long Blades    | 3 4 5 6 7 9 11 13 14 16 18 | 18.3
Shields        | 4 5 6 7 9 10 12 13 14 16 17 18 | 18.6
Fighting       | 4 5 6 7 9 10 11 13 14 15 | 15.7
Dodging        | 1 2 3 4 5 |  5.1
Stealth        | 1 |  1.8
Invocations    | |  0.9
Evocations     | |  0.6

Action                   |  1- 3 |  4- 6 |  7- 9 | 10-12 | 13-15 | 16-18 || total
-------------------------+-------+-------+-------+-------+-------+-------++-------
Melee: Long sword        |    85 |   120 |   378 |   333 |       |       ||   916
       Headbutt          |    16 |    27 |    87 |   223 |   338 |    96 ||   787
       Scimitar          |       |       |       |   584 |    61 |       ||   645
       Double sword      |       |       |       |    48 |  1016 |   293 ||  1357
 Fire: Hand crossbow     |       |       |       |       |     1 |       ||     1
Invok: Heroism           |       |       |     1 |     4 |     3 |       ||     8
Evoke: Wand              |       |       |       |     4 |     2 |       ||     6
  Use: Scroll            |       |       |     6 |    11 |    14 |     2 ||    33
       Potion            |       |       |       |     2 |     2 |     2 ||     6
  Eat: Chunk             |       |     3 |     7 |    26 |    37 |     6 ||    79
       Ration            |       |       |     1 |     1 |     3 |     1 ||     6
Armor: Scale mail        |    39 |     1 |       |       |       |       ||    40
       Chain mail        |       |    68 |    10 |   260 |     2 |       ||   340
       Plate armour      |       |       |   168 |   105 |     7 |       ||   280
       Gold dragon scale |       |       |       |       |   458 |   212 ||   670
Dodge: Dodged            |    28 |    17 |    57 |   249 |   267 |   105 ||   723
Block: Shield            |    47 |    58 |   176 |   527 |   666 |   327 ||  1801
       Buckler           |       |       |       |    12 |    89 |       ||   101
       Reflection        |       |       |       |       |       |     9 ||     9
       Rpst.: Long sword |     5 |     6 |    22 |    22 |       |       ||    55
       Scimitar          |       |       |       |    53 |     6 |       ||    59
       Double sword      |       |       |       |     3 |    53 |    18 ||    74

Table legend:
 A = Non-vault XP
 B = Vault XP
 C = Vault XP percentage of total XP
 D = Non-vault monster count
 E = Vault monster count
 F = Vault count percentage of total count
                 A         B        C        D         E       F
            +---------+---------+-------+---------+---------+-------
      Total |  107862 |   86215 |  44.4 |     628 |     231 |  26.9
            +---------+---------+-------+---------+---------+-------
        D:1 |      30 |       0 |   0.0 |      20 |       0 |   0.0
        D:2 |     159 |     298 |  65.2 |      33 |       3 |   8.3
        D:3 |     253 |     267 |  51.3 |      32 |       1 |   3.0
        D:4 |     498 |       0 |   0.0 |       9 |       0 |   0.0
        D:5 |    1197 |     240 |  16.7 |      32 |       8 |  20.0
        D:6 |    1457 |       0 |   0.0 |      26 |       0 |   0.0
        D:7 |    1136 |     215 |  15.9 |      21 |       1 |   4.5
        D:8 |    2199 |     412 |  15.8 |      33 |       2 |   5.7
        D:9 |    1308 |    4203 |  76.3 |      20 |       7 |  25.9
       D:10 |    2576 |       0 |   0.0 |      25 |       0 |   0.0
       D:11 |    2428 |       0 |   0.0 |      46 |       0 |   0.0
       D:12 |    2796 |     746 |  21.1 |      28 |      15 |  34.9
       D:13 |    9147 |       0 |   0.0 |      47 |       0 |   0.0
       D:14 |    9959 |   12126 |  54.9 |      20 |      23 |  53.5
       D:15 |    8238 |    5054 |  38.0 |      20 |       8 |  28.6
     Lair:1 |    1538 |    1359 |  46.9 |       9 |       2 |  18.2
     Lair:2 |    7075 |     255 |   3.5 |      34 |       1 |   2.9
     Lair:3 |    4583 |       0 |   0.0 |      26 |       0 |   0.0
     Lair:4 |    3938 |    5420 |  57.9 |      16 |      13 |  44.8
     Lair:5 |    7550 |    3661 |  32.7 |      27 |      11 |  28.9
     Lair:6 |    4753 |   12847 |  73.0 |      15 |      25 |  62.5
   Shoals:1 |   11649 |    2574 |  18.1 |      23 |       3 |  11.5
   Shoals:2 |   12680 |    1733 |  12.0 |      23 |       2 |   8.0
   Shoals:3 |    8028 |    7287 |  47.6 |      18 |       8 |  30.8
      Orc:1 |    1438 |     702 |  32.8 |      10 |       2 |  16.7
      Orc:2 |    1249 |   17261 |  93.3 |      15 |      63 |  80.8
      IceCv |       0 |    4971 | 100.0 |       0 |      23 | 100.0
   Gauntlet |       0 |    4584 | 100.0 |       0 |      10 | 100.0
            +---------+---------+-------+---------+---------+-------
